| TOP OF THE 1ST |
|
Butte Copper Kings batting - Pitching for Ogden Spikes : RHP Timothy Steverson
|
|
Pitching: RHP Timothy Steverson
|
|
|
Batting: LHB Larry Jackson
|
0-0: Called Strike 0-1: Ground out 6-3 (Groundball, 6, EV 91.3 MPH)
|
|
Batting: RHB Jere Longenecker
|
0-0: Ground out 6-3 (Groundball, 6, EV 89.4 MPH)
|
|
Batting: RHB Kevin Sliwinski
|
0-0: Ball 1-0: Ground out 5-3 (Groundball, 5L, EV 83.1 MPH)
|
| Top of the 1st over - 0 runs, 0 hits, 0 errors, 0 left on base; Butte 0 - Ogden 0 |
| BOTTOM OF THE 1ST |
|
Ogden Spikes batting - Pitching for Butte Copper Kings : LHP John McAnally
|
|
Pitching: LHP John McAnally
|
|
|
Batting: LHB Everett Graham
|
0-0: Ball 1-0: Reached on error, E5 (Groundball, 5, EV 110.6 MPH)
|
|
Batting: LHB Lenny Harris
|
0-0: Swinging Strike 0-1: Ball 1-1: SINGLE (Flyball, 3D, EV 89.4 MPH) Everett Graham to second Runner from 2nd tries for 3rd, SAFE, throw by RF made to third
|
|
Batting: RHB Ken Jackson
|
0-0: Ball 1-0: Ball 2-0: Ball 3-0: Base on Balls Lenny Harris to second
|
|
Batting: RHB Chuck Lynn
|
0-0: Ball 1-0: Ball 2-0: TRIPLE (Line Drive, 78XD, EV 105.6 MPH) Everett Graham scores Lenny Harris scores Ken Jackson scores
|
|
Batting: LHB Roberto Casasnovas
|
0-0: Ball 1-0: Swinging Strike 1-1: Foul Ball, location: 2F 1-2: Foul Ball, location: 2F 1-2: Ball 2-2: Ball 3-2: SINGLE (Line Drive, 78S, EV 87.5 MPH) Chuck Lynn scores
|
|
Batting: RHB Mike Robinson
|
0-0: Ball 1-0: Ball 2-0: Called Strike 2-1: SINGLE (Line Drive, 34, EV 108.8 MPH) Roberto Casasnovas to second
|
|
Batting: RHB Jeffrey Smith
|
0-0: Ball 1-0: Ball 2-0: SINGLE (Flyball, 8LS, EV 92.5 MPH) Roberto Casasnovas to third Mike Robinson to second Runner from 3rd tries for Home, SAFE, throw by CF to home
|
|
Batting: SHB Mark Lemke
|
0-0: Fly out, F8 (Flyball, 8RS, EV 86.3 MPH)
|
|
Batting: RHB Michael Gobbo
|
0-0: Ball 1-0: Ball 2-0: Ball 3-0: Base on Balls Mike Robinson to third Jeffrey Smith to second
|
|
Batting: LHB Everett Graham
|
0-0: Fly out, F9 (Flyball, 89M, EV 89.4 MPH) Runner from 3rd tags up, SCORES, throw by RF Jeffrey Smith to third
|
|
Batting: LHB Lenny Harris
|
0-0: Fly out, F9 (Flyball, 89S, EV 88.1 MPH)
|
| Bottom of the 1st over - 6 runs, 5 hits, 1 error, 2 left on base; Butte 0 - Ogden 6 |
| TOP OF THE 2ND |
|
Butte Copper Kings batting - Pitching for Ogden Spikes : RHP Timothy Steverson
|
|
Batting: RHB William Allen
|
0-0: Foul Ball, location: 2F 0-1: Fly out, F4 (Popup, 34S, EV 66.9 MPH)
|
|
Batting: RHB Russ Anglin
|
0-0: Foul Ball, location: 2F 0-1: Ball 1-1: SINGLE (Groundball, 6D, EV 106.3 MPH)
|
|
Batting: SHB Pat Bone
|
0-0: SINGLE (Line Drive, 3, EV 71.3 MPH) (infield hit) Russ Anglin to second
|
|
Batting: RHB Ray Thoma
|
0-0: Fly out, F4 (Line Drive, 4, EV 60.0 MPH)
|
|
Batting: RHB Mark Blaser
|
0-0: SINGLE (Groundball, 6MD, EV 96.9 MPH) Russ Anglin to third Pat Bone to second Runner from 3rd tries for Home, SAFE, throw by CF to home
|
|
Batting: RHB Kenny Clark
|
0-0: Called Strike 0-1: Ball 1-1: Fly out, F6 (Line Drive, 6, EV 73.1 MPH)
|
| Top of the 2nd over - 1 run, 3 hits, 0 errors, 2 left on base; Butte 1 - Ogden 6 |
| BOTTOM OF THE 2ND |
|
Ogden Spikes batting - Pitching for Butte Copper Kings : LHP John McAnally
|
|
Batting: RHB Ken Jackson
|
0-0: Ball 1-0: Ball 2-0: Ball 3-0: Called Strike 3-1: Base on Balls
|
|
Batting: RHB Chuck Lynn
|
0-0: Foul Ball, location: 2F 0-1: Called Strike 0-2: Ball 1-2: Ball 2-2: Strikes out looking Ken Jackson steals 2nd base Batter strikes out.
|
|
Batting: LHB Roberto Casasnovas
|
0-0: Called Strike 0-1: Ball 1-1: Foul Ball, location: 2F 1-2: SINGLE (Flyball, 89S, EV 91.9 MPH) Ken Jackson to third Runner from 3rd tries for Home, SAFE, throw by RF to home
|
|
Batting: RHB Mike Robinson
|
0-0: Ball 1-0: Swinging Strike 1-1: Ball 2-1: Called Strike 2-2: Foul Ball, location: 2F 2-2: Ball 3-2: Strikes out swinging
|
|
Batting: RHB Jeffrey Smith
|
0-0: Called Strike 0-1: Ball 1-1: Called Strike 1-2: Ball 2-2: Ground out 5-3 (Groundball, 5S, EV 86.9 MPH)
|
| Bottom of the 2nd over - 1 run, 1 hit, 0 errors, 1 left on base; Butte 1 - Ogden 7 |
| TOP OF THE 3RD |
|
Butte Copper Kings batting - Pitching for Ogden Spikes : RHP Timothy Steverson
|
|
Batting: LHB Larry Jackson
|
0-0: Called Strike 0-1: Ball 1-1: Ground out 5-3 (Groundball, 56, EV 103.8 MPH)
|
|
Batting: RHB Jere Longenecker
|
0-0: Fly out, F9 (Flyball, 9, EV 90.0 MPH)
|
|
Batting: RHB Kevin Sliwinski
|
0-0: Ball 1-0: Fly out, F9 (Flyball, 9LS, EV 86.3 MPH)
|
| Top of the 3rd over - 0 runs, 0 hits, 0 errors, 0 left on base; Butte 1 - Ogden 7 |
| BOTTOM OF THE 3RD |
|
Ogden Spikes batting - Pitching for Butte Copper Kings : LHP John McAnally
|
|
Batting: SHB Mark Lemke
|
0-0: Fly out, F8 (Line Drive, 8RM, EV 99.4 MPH)
|
|
Batting: RHB Michael Gobbo
|
0-0: Called Strike 0-1: Ball 1-1: Foul Ball, location: 2F 1-2: Ball 2-2: Ball 3-2: SINGLE (Groundball, 56D, EV 103.1 MPH)
|
|
Batting: LHB Everett Graham
|
0-0: Foul Ball, location: 2F 0-1: Swinging Strike 0-2: Foul Ball, location: 2F 0-2: Fly out, F9 (Flyball, 9D, EV 87.5 MPH)
|
|
Batting: LHB Lenny Harris
|
0-0: Called Strike 0-1: Ball 1-1: Ground out 4-3 (Groundball, 34, EV 82.5 MPH)
|
| Bottom of the 3rd over - 0 runs, 1 hit, 0 errors, 1 left on base; Butte 1 - Ogden 7 |
| TOP OF THE 4TH |
|
Butte Copper Kings batting - Pitching for Ogden Spikes : RHP Timothy Steverson
|
|
Batting: RHB William Allen
|
0-0: Called Strike 0-1: Ball 1-1: Called Strike 1-2: Fly out, F2 (Popup, 23F, EV 79.4 MPH)
|
|
Batting: RHB Russ Anglin
|
0-0: Ball 1-0: Called Strike 1-1: SINGLE (Groundball, 6D, EV 103.1 MPH)
|
|
Batting: SHB Pat Bone
|
0-0: Ball 1-0: Ball 2-0: Ball 3-0: Called Strike 3-1: Base on Balls Russ Anglin to second
|
|
Batting: RHB Ray Thoma
|
0-0: Ball 1-0: Swinging Strike 1-1: Swinging Strike 1-2: Strikes out swinging
|
|
Batting: RHB Mark Blaser
|
0-0: Ball 1-0: Foul Ball, location: 2F 1-1: Called Strike 1-2: Foul Ball, location: 2F 1-2: Ball 2-2: Fly out, F7 (Flyball, 78M, EV 90.6 MPH)
|
| Top of the 4th over - 0 runs, 1 hit, 0 errors, 2 left on base; Butte 1 - Ogden 7 |
| BOTTOM OF THE 4TH |
|
Ogden Spikes batting - Pitching for Butte Copper Kings : LHP John McAnally
|
|
Batting: RHB Ken Jackson
|
0-0: Called Strike 0-1: Called Strike 0-2: SINGLE (Groundball, 6D, EV 110.0 MPH)
|
|
Batting: RHB Chuck Lynn
|
0-0: Ball 1-0: Called Strike Ken Jackson steals 2nd, throwing error, E2 Ken Jackson to third 1-1: Ball 2-1: Foul Ball, location: 2F 2-2: Foul Ball, location: 2F 2-2: Ball 3-2: Base on Balls
|
|
Batting: LHB Roberto Casasnovas
|
0-0: Ball 1-0: Called Strike 1-1: Foul Ball, location: 2F 1-2: Ball 2-2: Foul Ball, location: 2F 2-2: Ball 3-2: Foul Ball, location: 2F 3-2: SINGLE (Line Drive, 7S, EV 93.1 MPH) Ken Jackson scores Chuck Lynn to second
|
|
Pitching: LHP Kenneth Stelly
|
|
|
Batting: RHB Mike Robinson
|
0-0: Ball 1-0: Ground out 4-3 (Groundball, 4S, EV 71.3 MPH) Chuck Lynn to third Roberto Casasnovas to second
|
|
Batting: RHB Jeffrey Smith
|
0-0: Ball 1-0: Called Strike 1-1: Foul Ball, location: 2F 1-2: Ball 2-2: Ground out 6-3 (Groundball, 6, EV 75.6 MPH) Chuck Lynn scores
|
|
Batting: SHB Mark Lemke
|
0-0: Fly out, F7 (Flyball, 7LD, EV 95.6 MPH)
|
| Bottom of the 4th over - 2 runs, 2 hits, 1 error, 1 left on base; Butte 1 - Ogden 9 |
| TOP OF THE 5TH |
|
Butte Copper Kings batting - Pitching for Ogden Spikes : RHP Timothy Steverson
|
|
Batting: RHB Kenny Clark
|
0-0: Fly out, F6 (Popup, 6MD, EV 74.4 MPH)
|
|
Batting: LHB Larry Jackson
|
0-0: Ball 1-0: Foul Ball, location: 2F 1-1: Fly out, F7 (Flyball, 78M, EV 80.0 MPH)
|
|
Batting: RHB Jere Longenecker
|
0-0: Ball 1-0: Ball 2-0: Ball 3-0: Called Strike 3-1: Swinging Strike 3-2: Base on Balls
|
|
Batting: RHB Kevin Sliwinski
|
0-0: Ground out 4-3 (Groundball, 4, EV 78.8 MPH)
|
| Top of the 5th over - 0 runs, 0 hits, 0 errors, 1 left on base; Butte 1 - Ogden 9 |
| BOTTOM OF THE 5TH |
|
Ogden Spikes batting - Pitching for Butte Copper Kings : LHP Kenneth Stelly
|
|
Batting: RHB Michael Gobbo
|
0-0: Ball 1-0: Called Strike 1-1: Ball 2-1: Ball 3-1: Base on Balls
|
|
Batting: LHB Everett Graham
|
0-0: Fielders Choice at 2nd, 5-4 (Groundball, 5, EV 97.5 MPH)
|
|
Batting: LHB Lenny Harris
|
0-0: Called Strike 0-1: Ball 1-1: Ball 2-1: Swinging Strike 2-2: Ball 3-2: Fly out, F7 (Flyball, 78XD, EV 88.1 MPH)
|
|
Batting: RHB Ken Jackson
|
0-0: Foul Ball, location: 2F 0-1: Ball 1-1: Ground out 4-3 (Groundball, 34, EV 76.9 MPH)
|
| Bottom of the 5th over - 0 runs, 0 hits, 0 errors, 1 left on base; Butte 1 - Ogden 9 |
| TOP OF THE 6TH |
|
Butte Copper Kings batting - Pitching for Ogden Spikes : RHP Timothy Steverson
|
|
Batting: RHB William Allen
|
0-0: Ball 1-0: Called Strike 1-1: Foul Ball, location: 2F 1-2: Foul Ball, location: 2F 1-2: Fly out, F8 (Flyball, 8LD, EV 92.5 MPH)
|
|
Batting: RHB Russ Anglin
|
0-0: Foul Ball, location: 2F 0-1: Ground out 6-3 (Groundball, 6M, EV 105.6 MPH)
|
|
Batting: SHB Pat Bone
|
0-0: Ball 1-0: Ball 2-0: Called Strike 2-1: Ball 3-1: Fly out, F9 (Line Drive, 9, EV 90.6 MPH)
|
| Top of the 6th over - 0 runs, 0 hits, 0 errors, 0 left on base; Butte 1 - Ogden 9 |
| BOTTOM OF THE 6TH |
|
Ogden Spikes batting - Pitching for Butte Copper Kings : LHP Kenneth Stelly
|
|
Batting: RHB Chuck Lynn
|
0-0: Ball 1-0: Ball 2-0: Ball 3-0: Base on Balls
|
|
Batting: LHB Roberto Casasnovas
|
0-0: Foul Ball, location: 2F 0-1: Called Strike 0-2: Ball 1-2: Ball 2-2: Ball 3-2: Fly out, F5 (Popup, 5, EV 65.0 MPH)
|
|
Batting: RHB Mike Robinson
|
0-0: DOUBLE (Line Drive, 9LM, EV 105.6 MPH) Chuck Lynn to third
|
|
Batting: RHB Jeffrey Smith
|
0-0: Ground out 6-3 (Groundball, 6, EV 103.1 MPH) Chuck Lynn scores
|
|
Batting: SHB Mark Lemke
|
0-0: Ball 1-0: Ball 2-0: Ball 3-0: Base on Balls
|
|
Batting: RHB Michael Gobbo
|
0-0: Foul Ball, location: 2F 0-1: Foul Ball, location: 2F 0-2: Ball 1-2: Ball 2-2: Fly out, F8 (Flyball, 8LD, EV 104.4 MPH)
|
| Bottom of the 6th over - 1 run, 1 hit, 0 errors, 2 left on base; Butte 1 - Ogden 10 |
| TOP OF THE 7TH |
|
Butte Copper Kings batting - Pitching for Ogden Spikes : RHP Timothy Steverson
|
|
Pinch Hitting: RHB Rafael Castillo
|
0-0: Ball 1-0: Foul Ball, location: 2F 1-1: Ground out 5-3 (Groundball, 56, EV 98.8 MPH)
|
|
Pinch Hitting: RHB Dana Robinson
|
0-0: Ball 1-0: Ball 2-0: SINGLE (Flyball, 5D, EV 96.9 MPH)
|
|
Batting: RHB Kenny Clark
|
0-0: TRIPLE (Groundball, 5L, EV 105.6 MPH) Dana Robinson scores
|
|
Batting: LHB Larry Jackson
|
0-0: Called Strike 0-1: Ball 1-1: Called Strike 1-2: Ball 2-2: SINGLE (Line Drive, 78S, EV 100.0 MPH) Kenny Clark scores
|
|
Pinch Hitting: RHB Jose Diaz
|
0-0: Called Strike 0-1: Ball 1-1: Swinging Strike 1-2: Foul Ball, location: 2F 1-2: Ball 2-2: Fly out, F9 (Line Drive, 9, EV 93.1 MPH)
|
|
Pinch Hitting: RHB Anthony Delancey
|
0-0: Ball 1-0: Ball 2-0: Called Strike 2-1: Ball 3-1: Base on Balls Larry Jackson to second
|
|
Batting: RHB William Allen
|
0-0: Fly out, F9 (Flyball, 9LM, EV 80.6 MPH)
|
| Top of the 7th over - 2 runs, 3 hits, 0 errors, 2 left on base; Butte 3 - Ogden 10 |
| BOTTOM OF THE 7TH |
|
Ogden Spikes batting - Pitching for Butte Copper Kings : LHP Kenneth Stelly
|
|
Pitching: RHP Kevin Quirk
|
|
|
Now at 1B: Angel Morris
|
|
|
Now at 2B: Jose Diaz
|
|
|
Now at 3B: Rafael Castillo
|
|
|
Now in CF: Anthony Delancey
|
|
|
Pinch Hitting: RHB Matthew Young
|
0-0: Called Strike 0-1: Reached on error, E3 (Groundball, 34S, EV 92.5 MPH)
|
|
Batting: LHB Lenny Harris
|
0-0: Ball 1-0: Ball Matthew Young steals 2nd base 2-0: Called Strike 2-1: Ball 3-1: Foul Ball, location: 2F 3-2: Foul Ball, location: 2F 3-2: Base on Balls
|
|
Pinch Hitting: LHB Todd Thomas
|
0-0: Foul Ball, location: 2F 0-1: Ball 1-1: Swinging Strike 1-2: Foul Ball, location: 2F 1-2: Ball 2-2: Ball 3-2: Strikes out swinging
|
|
Batting: RHB Chuck Lynn
|
0-0: Ball 1-0: Called Strike 1-1: SINGLE (Line Drive, 8RS, EV 99.4 MPH) Matthew Young to third Lenny Harris to second Runner from 3rd tries for Home, SAFE, throw by CF to home
|
|
Pinch Hitting: RHB Andrew Wright
|
0-0: Ball 1-0: Called Strike 1-1: Grounds into double play, 6-4-3 (Groundball, 6, EV 102.5 MPH)
|
| Bottom of the 7th over - 1 run, 1 hit, 1 error, 1 left on base; Butte 3 - Ogden 11 |
| TOP OF THE 8TH |
|
Butte Copper Kings batting - Pitching for Ogden Spikes : RHP Timothy Steverson
|
|
Now at 1B: Todd Thomas
|
|
|
Now at SS: Tom Alfredson
|
|
|
Now in LF: Matthew Young
|
|
|
Batting: RHB Russ Anglin
|
0-0: Called Strike 0-1: Foul Ball, location: 2F 0-2: Fly out, F9 (Line Drive, 9, EV 90.6 MPH)
|
|
Batting: SHB Pat Bone
|
0-0: Foul Ball, location: 2F 0-1: Fly out, F1 (Line Drive, P, EV 73.8 MPH)
|
|
Batting: RHB Rafael Castillo
|
0-0: SINGLE (Line Drive, 56D, EV 95.6 MPH)
|
|
Pinch Hitting: LHB Jack Foley
|
0-0: Ball 1-0: Called Strike 1-1: Ball 2-1: Ground out 4-3 (Groundball, 4, EV 103.1 MPH)
|
| Top of the 8th over - 0 runs, 1 hit, 0 errors, 1 left on base; Butte 3 - Ogden 11 |
| BOTTOM OF THE 8TH |
|
Ogden Spikes batting - Pitching for Butte Copper Kings : RHP Kevin Quirk
|
|
Now at 1B: Jack Foley
|
|
|
Pinch Hitting: RHB Joey Mackay
|
0-0: Ball 1-0: Ball 2-0: Swinging Strike 2-1: Ball 3-1: Swinging Strike 3-2: Foul Ball, location: 2F 3-2: Foul Ball, location: 2F 3-2: Strikes out looking
|
|
Batting: RHB Jeffrey Smith
|
0-0: Called Strike 0-1: Ball 1-1: Ball 2-1: Fly out, F7 (Flyball, 78M, EV 94.4 MPH)
|
|
Batting: SHB Mark Lemke
|
0-0: Called Strike 0-1: Ball 1-1: Called Strike 1-2: Ball 2-2: Ground out 6-3 (Groundball, 6, EV 86.9 MPH)
|
| Bottom of the 8th over - 0 runs, 0 hits, 0 errors, 0 left on base; Butte 3 - Ogden 11 |
| TOP OF THE 9TH |
|
Butte Copper Kings batting - Pitching for Ogden Spikes : RHP Timothy Steverson
|
|
Now in RF: Joey Mackay
|
|
|
Batting: RHB Kenny Clark
|
0-0: Ball 1-0: Ball 2-0: Ball 3-0: Called Strike 3-1: Foul Ball, location: 2F 3-2: SINGLE (Groundball, 6M, EV 106.9 MPH) (infield hit)
|
|
Pitching: RHP Douglas Barba
|
|
|
Batting: LHB Larry Jackson
|
0-0: Ball 1-0: Called Strike 1-1: Ball 2-1: SINGLE (Groundball, 6S, EV 67.5 MPH) (infield hit) Kenny Clark to second
|
|
Batting: RHB Jose Diaz
|
0-0: Called Strike 0-1: Ball 1-1: Ball 2-1: Ball 3-1: Base on Balls Kenny Clark to third Larry Jackson to second
|
|
Batting: RHB Anthony Delancey
|
0-0: Called Strike 0-1: Grounds into double play, 4-6-3 (Groundball, 4, EV 111.3 MPH) Kenny Clark scores Larry Jackson to third
|
|
Batting: RHB William Allen
|
0-0: Ball 1-0: Ball 2-0: Called Strike 2-1: Ball 3-1: SINGLE (Line Drive, 8LS, EV 92.5 MPH) Larry Jackson scores
|
|
Batting: RHB Russ Anglin
|
0-0: Ball 1-0: 2-RUN HOME RUN (Flyball, 7LD, EV 99.4 MPH), Distance : 370 ft
|
|
Batting: SHB Pat Bone
|
0-0: SINGLE (Groundball, 34D, EV 101.9 MPH)
|
|
Batting: RHB Rafael Castillo
|
0-0: Fly out, F8 (Flyball, 8RM, EV 88.8 MPH)
|
| Top of the 9th over - 4 runs, 5 hits, 0 errors, 1 left on base; Butte 7 - Ogden 11 |
|